 Dungeon Crawl Stone Soup version 0.31.0-9-g3a7656b989 (webtiles) character file.

Game seed: 5724408388760009952

614 Ritchie the Ruffian (level 7, 0/100 HPs)
             Began as a Troll Berserker on Jan 26, 2024.
             Was a Priest of Trog.
             Slain by a black bear (4 damage)
             ... on level 5 of the Dungeon.
             The game lasted 00:41:49 (3801 turns).

Ritchie the Ruffian (Troll Berserker)               Turns: 3801, Time: 00:41:50

Health: 0/100      AC: 23    Str: 28    XL:     7   Next: 20%
Magic:  6/6        EV:  1    Int:  3    God:    Trog [***...]
Gold:   296        SH:  0    Dex:  9    Spells: 6/6 levels left

rFire   . .          .
                       - Unarmed
rCold   . . .        (no shield)
rNeg    . . .        a - melded +0 animal skin
rPois   +            (helmet currently unavailable)
rElec   .            (cloak currently unavailable)
rCorr   .            (gloves unavailable)
SInv    .            (boots unavailable)
Will    .....        (no amulet)
Stlth   +            (no ring)
HPRegen 1.16/turn    (no ring)
MPRegen 0.10/turn

%: no passive effects
@: tree-form
A: stationary, stasis, torment immunity, boosted hp, large, unfitting armour,
(claws 3), regeneration 1, (shaggy fur 1), (tough skin 1), (fire resistance 1),
(poison resistance)
a: Renounce Religion, Berserk, Trog's Hand


You were on level 5 of the Dungeon.
You worshipped Trog.
Trog was most pleased with you.
You were a tree.
You visited 1 branch of the dungeon, and saw 5 of its levels.

You collected 296 gold pieces.

Inventory:

Hand Weapons
 e - a +0 dagger
 m - a +0 vampiric scythe
Missiles
 c - 62 stones (quivered)
 u - a throwing net
Armour
 a - a +0 animal skin (melded)
 i - a +2 kite shield of reflection
Wands
 n - a wand of roots (10)
Scrolls
 f - a scroll of enchant armour
 h - a scroll of acquirement
 j - 4 scrolls of teleportation
 o - a scroll of revelation {unknown}
 p - 2 scrolls of identify
 q - a scroll of vulnerability {unknown}
 t - a scroll of brand weapon {unknown}
Potions
 b - a potion of mutation
 d - a potion of lignification
 g - a potion of magic
 r - a potion of brilliance
 s - a potion of curing


   Skills:
 * Level 3.4 Fighting
 + Level 0.4 Throwing
 * Level 4.0 Dodging
 + Level 0.4 Stealth
 * Level 6.6 Unarmed Combat


You had 6 spell levels left.
You didn't know any spells.
Your spell library contained the following spells:

 Spells                   Type           Power      Damage    Failure   Level
 Foxfire                  Conj/Fire      0%         2x1d4     52%         1
 Call Canine Familiar     Summ           0%         N/A       88%         3
 Hailstorm                Conj/Ice       0%         3d5       88%         3
 Sigil of Binding         Hex            0%         N/A       88%         3
 Summon Ice Beast         Ice/Summ       0%         N/A       88%         3
 Dimensional Bullseye     Hex/Tloc       0%         N/A       99%         4
 Sticky Flame             Fire/Alch      0%         2d4       99%         4
 Sculpt Simulacrum        Ice/Alch       0%         N/A       100%        6


Dungeon Overview and Level Annotations

Branches:
Dungeon (5/15)
 Temple: D:4-7

Altars:
Cheibriados
Vehumet

Shops:
D:3 =


Innate Abilities, Weirdness & Mutations

You are a tree.
Your roots penetrate the ground, keeping you stationary.
You cannot be teleported.
You are immune to unholy pain and torment.
Your maximum health is greatly increased.
Your equipment is partially melded.
You are too large for most types of armour.
((You have claws for hands.))
Your natural rate of healing is unusually fast.
((You are covered in fur. (AC +1)))
((You have tough skin. (AC +1)))
((Your flesh is heat resistant. (rF+)))
((Your system is resistant to poisons. (rPois)))


Message History

* * * LOW HITPOINT WARNING * * *
As you read the scroll labelled CUAX FIEFOMORU, it crumbles to dust.
You feel a surge of unholy energy.
The black bear convulses!
The quokka convulses!
It was a scroll of torment.
The quokka bites you.
* * * LOW HITPOINT WARNING * * *
The black bear goes berserk!
The phantom hits you but does no damage.
Unknown command.
You barely miss the phantom.
You are no longer corroded.
The quokka bites you but does no damage.
The black bear bites you.
* * * LOW HITPOINT WARNING * * *
The black bear claws you but does no damage. x2
The phantom hits you but does no damage.
i - a +2 kite shield of reflection Your enlightenment fades.
The quokka bites you.
* * * LOW HITPOINT WARNING * * *
The black bear bites you but does no damage.
The black bear claws you.
* * * LOW HITPOINT WARNING * * *
The black bear claws you.
* * * LOW HITPOINT WARNING * * *
The quokka bites you.
* * * LOW HITPOINT WARNING * * *
The phantom hits you but does no damage.
The black bear bites you but does no damage.
The black bear claws you.
* * * LOW HITPOINT WARNING * * *
The black bear claws you but does no damage.
The black bear bites you but does no damage.
The black bear claws you but does no damage. x2
The quokka bites you but does no damage.
The phantom hits you but does no damage.
You start putting on your armour.
You continue putting on your +2 kite shield of reflection.
The black bear bites you but does no damage.
The black bear claws you.
You die...

#..........##<.....
+§...§☼§§§.)...####
# #§...§§§§§.)####
####§#§..§§§§§☼..#
§§§§§#§..§☼☼☼§§..#
§§#§§§§##§§§§##..#
§§§§§§§§☼§§§§......
###☼§§§§§###§§.####
#.#W♣§§§☼§§###
#☼.rh§######
§§§§§§z#§#
##§##§§.§☼ #§
#§###§§ § §§ §#§
§#☼ §§§# §##§ §§§#


You could see a black bear (berserk), a phantom, a wight and a quokka.

Vanquished Creatures
  Sigmund (D:4)
  The ghost of paps the Changeling, an amateur OpSh (D:3)
  A scorpion (D:5)
  A howler monkey (D:2)
  2 jellies (D:5)
  5 gnolls
  5 adders
  2 ufetubi (D:4)
  A dart slug (D:4)
  2 ribbon worms
  6 orcs
  3 ball pythons
  6 endoplasms
  3 giant cockroaches
  4 goblins
  3 hobgoblins
  6 jackals
  7 kobolds
  3 quokkas
  8 bats
  4 frilled lizards
  5 rats
79 creatures vanquished.

Notes
Turn   | Place    | Note
-------+----------+-------------------------------------------
     0 | D:1      | Ritchie the Troll Berserker began the quest for the Orb.
     0 | D:1      | Reached XP level 1. HP: 22/22 MP: 0/0
   275 | D:1      | Reached XP level 2. HP: 17/29 MP: 1/1
   296 | D:1      | Got Copimor's Elucidation of Sparks
   893 | D:2      | You fall into a shaft and drop 1 floor!
  1012 | D:3      | Reached XP level 3. HP: 36/36 MP: 2/2
  1147 | D:3      | Reached ** piety under Trog
  1203 | D:3      | Found a runed translucent door.
  1205 | D:3      | Noticed paps's ghost (amateur OpSh)
  1243 | D:3      | Found Inkoujay's Jewellery Boutique.
  1272 | D:3      | Killed paps's ghost
  1273 | D:3      | Reached skill level 4 in Unarmed Combat
  1273 | D:3      | Reached XP level 4. HP: 41/45 MP: 3/3
  1273 | D:3      | Reached XP level 5. HP: 48/53 MP: 4/4
  1637 | D:3      | Found a radiant altar of Vehumet.
  1687 | D:3      | Found a snail-covered altar of Cheibriados.
  2226 | D:2      | Reached skill level 5 in Unarmed Combat
  2433 | D:2      | Found a faded altar of an unknown god.
  2642 | D:4      | Noticed Sigmund
  2648 | D:4      | Killed Sigmund
  2649 | D:4      | Reached XP level 6. HP: 53/61 MP: 5/5
  2931 | D:4      | Reached skill level 6 in Unarmed Combat
  3109 | D:4      | Reached *** piety under Trog
  3747 | D:5      | Entered Level 5 of the Dungeon
  3781 | D:5      | Reached XP level 7. HP: 67/67 MP: 6/6
  3790 | D:5      | Gained mutation: Your flesh is heat resistant. (rF+)
                  | [potion of mutation]
  3790 | D:5      | Gained mutation: Your system is resistant to poisons.
                  | (rPois) [potion of mutation]
  3792 | D:5      | Identified 2 scrolls of acquirement
  3792 | D:5      | Acquired a +2 kite shield of reflection
  3799 | D:5      | HP: 5/100 [black bear (3)]
  3799 | D:5      | HP: 2/100 [quokka (3)]
  3801 | D:5      | Slain by a black bear

Illustrated notes

Levels and vault maps discovered:
D:1:      dpeg_arrival_refuge, layout_loops_ring, minmay_distorted
D:2:      layout_loops_ring, shapermc_ecumenical_altar_petra
D:3:      layout_basic, mainiacjoe_overflow_catch_the_wave, serial_shops,
          nicolae_diamond_shop, gammafunk_ghost_grave, chequers_arboretum
D:4:      layout_basic, minmay_gold_behind_fungi, saegor_snake_ambush,
          uniq_sigmund
D:5:      layout_basic, grunt_dithmenos_smoke, minmay_fractal_squares_5,
          uniq_menkaure

Skill      XL: |  1  2  3  4  5  6  7 |
---------------+----------------------+-----
Dodging        | 3 4 |  4.0
Fighting       | 3 |  3.4
Unarmed Combat | 4 5 6 |  6.6
Throwing       | |  0.4
Stealth        | |  0.4

Action                     |  1- 3 |  4- 6 |  7- 9 || total
---------------------------+-------+-------+-------++-------
  Melee: Unarmed           |    71 |   129 |     9 ||   209
         Flail             |    12 |       |       ||    12
         Punch             |       |     3 |       ||     3
  Throw: Stone             |     2 |       |       ||     2
    Use: Potion            |       |     3 |     4 ||     7
         Scroll            |       |       |     5 ||     5
 Armour: Robe              |    19 |       |       ||    19
         Animal skin       |    29 |    75 |    12 ||   116
         Skin              |       |       |    63 ||    63
  Dodge: Dodged            |    49 |    66 |     7 ||   122
